 Dungeon Crawl Stone Soup version 0.21.0-3-g78d12a8 (webtiles) character file.

105 Akransas the Skirmisher (level 4, -2/35 HPs)
             Began as a Mummy Fighter on Jan 9, 2018.
             Slain by a sky beast (5 damage)
             ... on level 3 of the Dungeon.
             The game lasted 00:15:46 (2673 turns).

Akransas the Skirmisher (Mummy Fighter)             Turns: 2673, Time: 00:15:47

Health: -2/35      AC:  9    Str: 19    XL:     4   Next: 54%
Magic:  6/6        EV:  5    Int:  8    God:
Gold:   205        SH:  9    Dex: 11    Spells: 5/5 levels left

rFire    x . .     SeeInvis .   a - +1 flail
rCold    + . .     Gourm    .   c - +0 shield
rNeg     + + +     Faith    .   j - +0 chain mail
rPois    ∞         Spirit   .   (no helmet)
rElec    .         Reflect  .   (no cloak)
rCorr    .         Harm     .   (no gloves)
MR       .....                  (no boots)
Stlth    ..........             e - amulet of inaccuracy (curse)
HPRegen  0.11/turn              i - ring of stealth
MPRegen  0.10/turn              (no ring)

@: no status effects
A: no food or potions, fire vulnerability, cold resistance 1, negative energy
resistance 3, torment resistance, unbreathing
a: no special abilities


You were on level 3 of the Dungeon.
You were not hungry.

You visited 1 branch of the dungeon, and saw 3 of its levels.

You collected 205 gold pieces.

Inventory:

Hand Weapons
 a - a +1 flail (weapon)
 b - a +0 blowgun
Missiles
 f - 3 javelins (quivered)
 l - 15 poisoned needles
Armour
 c - a +0 shield (worn)
 j - a +0 chain mail (worn)
Jewellery
 e - a cursed amulet of inaccuracy (around neck)
 i - a ring of stealth (left hand)
Wands
 m - a wand of enslavement (15)
Scrolls
 d - a scroll of enchant weapon
 g - 2 scrolls of teleportation
 h - 2 scrolls of identify
 k - 2 scrolls of fear


   Skills:
 * Level 3.4 Fighting
 * Level 2.2 Maces & Flails
 * Level 3.1 Armour
 * Level 3.0 Shields
 + Level 1.4 Spellcasting


You had 5 spell levels left.
You didn't know any spells.

Dungeon Overview and Level Annotations

Branches:
Dungeon (3/15)

Altars:


Innate Abilities, Weirdness & Mutations

You do not eat or drink.
Your flesh is vulnerable to fire.
You are immune to poison.
Your flesh is cold resistant. (rC+)
You are immune to negative energy. (rN+++)
You are immune to unholy pain and torment.
You can survive without breathing.


Message History

The sky beast hits you but does no damage.
You completely miss the sky beast.
The sky beast is almost dead.
The sky beast hits you.
* * * LOW HITPOINT WARNING * * *
The sky beast shocks you.
* * * LOW HITPOINT WARNING * * *
You hit the sky beast but do no damage.
The sky beast is almost dead.
You block the sky beast's attack.
The sky beast hits you but does no damage.
You hit the sky beast.
The sky beast is almost dead.
The sky beast hits you but does no damage.
You closely miss the sky beast.
The sky beast is almost dead.
The sky beast hits you.
* * * LOW HITPOINT WARNING * * *
The sky beast shocks you.
You die...

.........#####........##......###
.........# #........##.######
########### ##.########.
.).....##.# #.# #(##.
######.#.#### #.# #.# #. #
#.#..#.# #.# #.# #
#.#...####.##.# # #.#....#.#.#Y#
# #.##....###@##..# #
#.##...#.#.#....## $# #
#.###...####..#..# .# #.###....#
..#...#.# #.#.#.#..# #.#.#. .#
###### #.##.#..### #.#.#. .#
#..... #.#.#..#..# #...#.#.#
#..... #.###.#..####.).##..#
#..... #.##.....#.#..#..#..#
#.....


You could see a sky beast.

Vanquished Creatures
  2 adders
  An ooze (D:1)
  4 worms (D:2)
  2 dart slugs (D:2)
  An orc (D:3)
  4 giant cockroaches
  10 goblins
  7 hobgoblins
  6 jackals
  9 kobolds
  A quokka (D:3)
  A ball python (D:1)
  8 bats
  4 frilled lizards
  5 rats
65 creatures vanquished.

Notes
Turn   | Place    | Note
-------+----------+-------------------------------------------
     0 | D:1      | Akransas the Mummy Fighter began the quest for the Orb.
     0 | D:1      | Reached XP level 1. HP: 18/18 MP: 1/1
   125 | D:1      | Reached XP level 2. HP: 24/24 MP: 2/2
   727 | D:2      | Reached XP level 3. HP: 25/29 MP: 4/4
  1440 | D:2      | Reached skill level 1 in Spellcasting
  1608 | D:2      | Reached XP level 4. HP: 34/35 MP: 5/5
  2641 | D:3      | Noticed a sky beast
  2673 | D:3      | Slain by a sky beast

Skill      XL: |  1  2  3  4 |
---------------+-------------+-----
Maces & Flails | 2 |  2.2
Spellcasting   | 1 |  1.4
Shields        | 3 |  3.0
Armour         | 3 |  3.1
Fighting       | |  3.4

Action                   |  1- 3 |  4- 6 || total
-------------------------+-------+-------++-------
Melee: Flail             |   227 |   176 ||   403
Throw: Javelin           |    14 |     8 ||    22
  Use: Scroll            |     4 |       ||     4
Armor: Scale mail        |    50 |       ||    50
       Chain mail        |    79 |   101 ||   180
Dodge: Dodged            |    54 |    30 ||    84
Block: Shield            |   131 |    99 ||   230
